 Dungeon Crawl Stone Soup version 0.21.1-1-g345015f (webtiles) character file.

662 sanboga the Chopper (level 7, -4/66 HPs)
             Began as a Gargoyle Berserker on Apr 18, 2018.
             Was a Priest of Trog.
             Blown up by an orc (22 damage)
             ... with a wand of disintegration (2)
             ... on level 4 of the Dungeon.
             The game lasted 00:09:47 (3102 turns).

sanboga the Chopper (Gargoyle Berserker)            Turns: 3102, Time: 00:09:48

Health: -4/66      AC: 13    Str: 28    XL:     7   Next: 56%
Magic:  7/7        EV: 10    Int:  7    God:    Trog [***...]
Gold:   208        SH:  0    Dex:  9    Spells: 6/6 levels left

rFire    . . .     SeeInvis .   a - +0 hand axe
rCold    . . .     Gourm    .   (no shield)
rNeg     + . .     Faith    .   e - +1 scale mail
rPois    ∞         Spirit   .   (no helmet)
rElec    +         Reflect  .   (no cloak)
rCorr    .         Harm     .   (no gloves)
MR       .....                  (no boots)
Stlth    ..........             (no amulet)
HPRegen  0.21/turn              d - ring of flight
MPRegen  0.10/turn              (no ring)

@: berserking, very quick
A: negative energy resistance 1, electricity resistance, unbreathing,
petrification resistance, rot immunity, AC +4
a: Berserk, Trog's Hand, Burn Spellbooks, Renounce Religion, Evoke Flight


You were on level 4 of the Dungeon.
You worshipped Trog.
Trog was most pleased with you.
You were near starving.

You visited 1 branch of the dungeon, and saw 4 of its levels.
You also visited: Sewer.

You collected 208 gold pieces.

Inventory:

Hand Weapons
 a - a +0 hand axe (weapon)
Armour
 e - a +1 scale mail (worn)
Jewellery
 d - a ring of flight (left hand)
Wands
 b - a wand of random effects (29)
 m - a wand of paralysis (12)
Scrolls
 g - 4 scrolls of remove curse
 h - a scroll of blinking
 k - a scroll of magic mapping
Potions
 f - a potion of ambrosia
 i - 2 potions of heal wounds
 j - 2 potions of curing {unknown}
Comestibles
 c - 8 rations


   Skills:
 + Level 5.4 Fighting
 * Level 5.8 Axes
 + Level 4.8 Armour
 - Level 1.5 Dodging


You had 6 spell levels left.
You didn't know any spells.

Dungeon Overview and Level Annotations

Branches:
Dungeon (4/15)
 Temple: D:4-7

Altars:
Cheibriados
Elyvilon
Ru
Trog
Xom
Zin


Innate Abilities, Weirdness & Mutations

You are resistant to torment.
Your stone body is resilient. (AC +4)
You are immune to poison.
You resist negative energy. (rN+)
You are resistant to electric shocks. (rElec)
You can survive without breathing.
You are immune to petrification.
You are immune to rotting.


Message History

* * * LOW HITPOINT WARNING * * *
You slash the ogre!
The ogre is almost dead.
You miss the adder. The adder bites you.
* * * LOW HITPOINT WARNING * * *
You hit the ogre.
You kill the ogre!
Trog accepts your kill.
You miss the adder. The adder barely misses you.
You closely miss the adder. The adder bites you but does no damage.
You slash the adder!
You kill the adder!
Trog accepts your kill.
A jackal comes into view.
You hit the orc.
The orc is severely wounded.
You closely miss the orc.
The orc is severely wounded.
The orc zaps a wand.
You are blasted!
You die...

### ####### .......
......# ..h....
..##### %....<. .##
##......> ##
##....... #
##!.?.... #
######..o.###.# #
##)..[.†)@.....# #
###.#..[...(......#
##
##.(####......##...#
.####..## ##..####
#.. ...#..## #.## .
#(....# #.# ##...##
#># ###.# #.. ###
#..


You could see an orc and a jackal.

Vanquished Creatures
  Duvessa (D:4)
  An ogre (D:4)
  A centaur (D:4)
  A big kobold (Sewer)
  Dowan (D:4)
  Jessica (D:2)
  Terence (D:2)
  An iguana (D:3)
  A worker ant (D:2)
  6 adders
  2 river rats (Sewer)
  4 oozes
  5 worms
  2 dart slugs
  A leopard gecko (D:2)
  11 orcs
  10 bats
  3 giant cockroaches
  3 hobgoblins
  4 jackals
  9 kobolds
  2 quokkas
  4 frilled lizards
  4 goblins
  6 rats
85 creatures vanquished.

Notes
Turn   | Place    | Note
-------+----------+-------------------------------------------
     0 | D:1      | sanboga the Gargoyle Berserker began the quest for the Orb.
     0 | D:1      | Reached XP level 1. HP: 14/14 MP: 1/1
   677 | D:1      | Reached XP level 2. HP: 19/19 MP: 2/2
   818 | D:2      | Found a white marble altar of Elyvilon.
   818 | D:2      | Found a shimmering altar of Xom.
   820 | D:2      | Found a glowing silver altar of Zin.
   856 | D:2      | Noticed Terence
   868 | D:2      | Killed Terence
   868 | D:2      | Reached XP level 3. HP: 13/24 MP: 3/3
  1243 | D:2      | Found a bloodstained altar of Trog.
  1280 | D:2      | Reached XP level 4. HP: 25/29 MP: 4/4
  1375 | D:2      | Noticed Jessica
  1385 | D:2      | Killed Jessica
  1415 | D:2      | Reached ** piety under Trog
  1663 | D:3      | Found a sacrificial altar of Ru.
  1663 | D:3      | Found a snail-covered altar of Cheibriados.
  1668 | D:3      | Reached XP level 5. HP: 33/33 MP: 5/5
  1945 | D:3      | Found a glowing drain.
  1970 | Sewer    | Entered a sewer
  2031 | Sewer    | Noticed a big kobold
  2047 | Sewer    | Killed a big kobold
  2047 | Sewer    | Reached XP level 6. HP: 39/39 MP: 6/6
  2097 | Sewer    | Found a white marble altar of Elyvilon.
  2439 | D:3      | Reached *** piety under Trog
  2482 | D:3      | Found a bloodstained altar of Trog.
  2963 | D:4      | Noticed Dowan
  2964 | D:4      | Noticed Duvessa
  2975 | D:4      | Killed Dowan
  2975 | D:4      | Reached skill level 5 in Axes
  2981 | D:4      | Killed Duvessa
  2981 | D:4      | Reached skill level 5 in Fighting
  2981 | D:4      | Reached XP level 7. HP: 28/44 MP: 7/7
  3102 | D:4      | Blown up by an orc

Skill      XL: |  1  2  3  4  5  6 |
---------------+-------------------+-----
Axes           | 3 4 5 |  5.8
Armour         | 3 4 |  4.8
Fighting       | 4 5 |  5.4
Dodging        | |  1.5

Action                   |  1- 3 |  4- 6 |  7- 9 || total
-------------------------+-------+-------+-------++-------
Melee: Hand axe          |    94 |   205 |    41 ||   340
Invok: Berserk           |     1 |     2 |     1 ||     4
 Abil: Evoke Flight      |       |     2 |       ||     2
Evoke: Wand              |       |     5 |       ||     5
  Use: Scroll            |     5 |     4 |       ||     9
       Potion            |     1 |     2 |     1 ||     4
 Stab: Paralysed         |       |     4 |       ||     4
  Eat: Chunk             |     2 |     4 |     1 ||     7
       Ration            |       |     1 |       ||     1
Armor: Animal skin       |    15 |       |       ||    15
       Ring mail         |    11 |       |       ||    11
       Scale mail        |    26 |   131 |    27 ||   184
Dodge: Dodged            |    84 |   126 |    20 ||   230
